 Dungeon Crawl Stone Soup version 0.23.2-1-ga50397a (webtiles) character file.

Game seed: 17245099217033050942

49 teukkam the Shield-Bearer (level 3, -5/33 HPs)
             Began as a Minotaur Fighter on Apr 16, 2019.
             Killed by divine providence
             ... invoked by an orc priest
              (10 damage)
             ... on level 4 of the Dungeon.
             The game lasted 00:03:10 (579 turns).

teukkam the Shield-Bearer (Minotaur Fighter)         Turns: 579, Time: 00:03:10

Health: -5/33      AC:  9    Str: 26    XL:     3   Next: 53%
Magic:  20/20      EV:  7    Int:  5    God:
Gold:   93         SH: 10    Dex:  9    Spells: 2/2 levels left

rFire    . . .     SeeInvis .   a - +0 war axe
rCold    . . .     Gourm    +   c - +0 shield
rNeg     . . .     Faith    .   b - +0 scale mail
rPois    .         Spirit   .   (helmet restricted)
rElec    .         Reflect  .   l - +1 cloak
rCorr    .         Harm     .   (no gloves)
MR       .....                  (no boots)
Stlth    ..........             m - amulet of the gourmand
HPRegen  0.11/turn              g - ring of magical power
MPRegen  0.17/turn              o - ring of magical power

@: mighty
A: retaliatory headbutt, horns 2
a: no special abilities


You were on level 4 of the Dungeon.
You were not hungry.

You visited 1 branch of the dungeon, and saw 4 of its levels.

You collected 93 gold pieces.

Inventory:

Hand Weapons
 a - a +0 war axe (weapon)
Missiles
 k - 57 stones
 q - a javelin (quivered)
 s - a tomahawk
Armour
 b - a +0 scale mail (worn)
 c - a +0 shield (worn)
 l - a +1 cloak (worn)
Jewellery
 g - a ring of magical power (left hand)
 m - an amulet of the gourmand (around neck)
 o - a ring of magical power (right hand)
Wands
 h - a wand of disintegration (21)
Scrolls
 e - 2 scrolls of identify {unknown}
 i - 3 scrolls of remove curse {unknown}
 j - a scroll of magic mapping {unknown}
 n - a scroll of enchant armour {unknown}
 p - a scroll of amnesia {unknown}
 r - a scroll of enchant weapon {unknown}
 t - a scroll of noise {unknown}
Comestibles
 f - 4 rations


   Skills:
 + Level 4.2 Fighting
 + Level 3.1 Axes
 + Level 4.1 Armour
 + Level 4.2 Shields


You had 2 spell levels left.
You didn't know any spells.
Your spell library was empty.

Dungeon Overview and Level Annotations

Branches:
Dungeon (4/15)
 Temple: D:4-7

Altars:


Innate Abilities, Weirdness & Mutations

You reflexively headbutt those who attack you in melee.
You have a pair of horns on your head.


Message History

The javelin hits the quokka skeleton.
The quokka skeleton is heavily damaged.
You feel very mighty all of a sudden. The orc hits you with a +0 mace.
* * * LOW HITPOINT WARNING * * *
The orc hits you with a +0 falchion.
* * * LOW HITPOINT WARNING * * *
You hit the orc. Your headbutt misses the orc.
The orc is almost dead.
You barely miss the orc. You block the orc's attack. x2
You closely miss the orc.
The orc is almost dead.
You slash the orc!
You kill the orc!
The orc hits you but does no damage.
You slice the orc!!
You kill the orc!
The orc priest invokes the aid of Beogh against you.
Beogh smites you!
You die...

.. #.# .### ... . ..# #.# .( #.#
#.# ...# ####.####.## ....
#..........# #Zo### #...........
#.o@#####...........
###).(..............
#....######........... ####.
#........... ## #.......†....
..............
############.............#
#######.......>.....#######.####
#.......#####............##.#


You could see an orc priest, an orc and a quokka skeleton.

Vanquished Creatures
  A worker ant (D:4)
  An ooze (D:1)
  7 orcs
  4 bats
  A jackal skeleton (D:4)
  A rat (D:3)
15 creatures vanquished.

Notes
Turn   | Place    | Note
-------+----------+-------------------------------------------
     0 | D:1      | teukkam the Minotaur Fighter began the quest for the Orb.
     0 | D:1      | Reached XP level 1. HP: 19/19 MP: 0/0
     6 | D:1      | Noticed a polar bear
     6 | D:1      | Noticed a swamp drake
     7 | D:1      | Noticed a wolf
     7 | D:1      | Noticed a killer bee
    91 | D:1      | Reached XP level 2. HP: 27/27 MP: 1/1
   538 | D:4      | Reached XP level 3. HP: 33/33 MP: 2/2
   579 | D:4      | Killed from afar by an orc priest

Skill      XL: |  1  2 |
---------------+-------+-----
Fighting       | 4 |  4.2
Shields        | 4 |  4.2
Axes           | 3 |  3.1
Armour         | 4 |  4.1

Action                   || total
-------------------------++-------
Melee: War axe           ||    27
       Headbutt          ||     3
Throw: Javelin           ||     3
  Use: Potion            ||     1
  Eat: Chunk             ||     2
Armor: Scale mail        ||    11
Dodge: Dodged            ||     8
Block: Shield            ||    16
